 Dungeon Crawl Stone Soup version 0.28-a0-1616-g050a50673c (webtiles) character file.

Game seed: 1288146122585223867

6871 bearlyready the Basher (level 11, -13/95 HPs)
             Began as a Gnoll Cinder Acolyte on Jan 22, 2022.
             Was an Initiate of Hepliaklqana.
             Mangled by a white ugly thing (28 damage)
             ... on level 9 of the Dungeon.
             The game lasted 00:11:52 (7622 turns).

bearlyready the Basher (Gnoll Cinder Acolyte)       Turns: 7622, Time: 00:11:52

Health: -13/95     AC: 25    Str: 15    XL:     11   Next: 6%
Magic:  20/20      EV:  6    Int: 13    God:    Hepliaklqana [......]
Gold:   643        SH:  9    Dex: 11    Spells: 21/23 levels left

rFire   . . .      SeeInvis .   S - +2 hand axe (elec)
rCold   . . .      Faith    .   J - +0 kite shield
rNeg    . . .      Spirit   .   A - +10 chain mail of Death's Door {Regen+}
rPois   +          Reflect  .   P - +0 helmet
rElec   .          Harm     .   (no cloak)
rCorr   .          Rampage  .   (no gloves)
Will    +....                   (no boots)
Stlth   ..........              (no amulet)
HPRegen 1.05/turn               d - +4 ring of protection
MPRegen 0.17/turn               f - ring of poison resistance

@: about to teleport, marked, fire susceptible
A: fangs 1, strong nose, distributed training, hooves 1, strong-willed 1, robust
1
a: Renounce Religion


You were on level 9 of the Dungeon.
You worshipped Hepliaklqana.
Hepliaklqana was noncommittal.
You visited 2 branches of the dungeon, and saw 10 of its levels.

You collected 643 gold pieces.

Inventory:

Hand Weapons
 a - a -1 mace of flaming
 b - a +0 hunting sling
 n - the +5 war axe "Suuto" {spect, SInv}
   (You found it on level 2 of the Dungeon)

   When its wielder attacks, the weapon's spirit leaps out and strikes again.
   The spirit shares a part of any damage it takes with its wielder.
   SInv:      It lets you see invisible.
 E - a +2 dagger of holy wrath
 L - a +0 morningstar
 S - a +2 hand axe of electrocution (weapon)
Missiles
 c - 81 bolts
 k - 282 stones (quivered)
 p - 76 arrows
 y - 71 sling bullets
 D - 4 throwing nets
 G - 6 atropa-tipped darts
 Q - 2 curare-tipped darts
 T - 5 boomerangs
Armour
 e - a +0 robe
 h - a +0 ring mail
 A - the +10 chain mail of Death's Door (worn) {Regen+}
   (You found it on level 4 of the Dungeon)

   Regen:     It increases your rate of health regeneration.
 J - a +0 kite shield (worn)
 P - a +0 helmet (worn)
Jewellery
 d - a +4 ring of protection (left hand)
 f - a ring of poison resistance (right hand)
 C - a ring of willpower
Wands
 u - a wand of paralysis (8)
 F - a wand of flame (13)
 M - a wand of mindburst (40)
 R - a wand of acid (2)
 V - a wand of polymorph (6)
 X - a wand of digging (6)
Scrolls
 g - 2 scrolls of blinking {unknown}
 i - a scroll of amnesia {unknown}
 l - a scroll of enchant armour {unknown}
 o - 7 scrolls of teleportation
 t - a scroll of brand weapon {unknown}
 w - 4 scrolls of identify
 x - 3 scrolls of magic mapping {unknown}
 H - a scroll of holy word {unknown}
 I - a scroll of enchant weapon {unknown}
 K - 2 scrolls of immolation {unknown}
 W - a scroll of silence {unknown}
Potions
 j - a potion of magic {unknown}
 m - 2 potions of attraction {unknown}
 q - a potion of curing {unknown}
 r - 2 potions of mutation
 s - a potion of resistance {unknown}
 v - a potion of cancellation {unknown}
 z - a potion of lignification {unknown}
 B - a potion of degeneration {unknown}
 N - a potion of haste {unknown}
 O - a potion of berserk rage
Miscellaneous
 U - a tin of tremorstones (2/2)


   Skills:
 + Level 8.9 Fighting
 + Level 5.9 Short Blades
 + Level 5.9 Long Blades
 + Level 5.9 Axes
 + Level 8.9 Maces & Flails
 + Level 5.9 Polearms
 + Level 5.9 Staves
 + Level 5.9 Slings
 + Level 5.9 Bows
 + Level 5.9 Crossbows
 + Level 5.9 Throwing
 + Level 5.9 Armour
 + Level 5.9 Dodging
 + Level 5.9 Stealth
 + Level 5.9 Shields
 + Level 5.9 Unarmed Combat
 + Level 6.6 Spellcasting
 + Level 4.9 Conjurations
 + Level 4.9 Hexes
 + Level 4.9 Summonings
 + Level 4.9 Necromancy
 + Level 4.9 Translocations
 + Level 4.9 Transmutations
 + Level 7.4 Fire Magic
 + Level 4.9 Ice Magic
 + Level 4.9 Air Magic
 + Level 4.9 Earth Magic
 + Level 4.9 Poison Magic
 + Level 6.5 Invocations
 + Level 5.9 Evocations


You had 21 spell levels left.
You knew the following spells:

 Your Spells              Type           Power      Damage    Failure   Level
a - Scorch                Fire           46%        2d7       45%         2

Your spell library contained the following spells:

 Spells                   Type           Power      Damage    Failure   Level
 Magic Dart               Conj           68%        1d6       69%         1
 Searing Ray              Conj           34%        2d5       83%         2
 Gell's Gravitas          Tloc           17%        N/A       96%         3
 Teleport Other           Tloc           17%        N/A       96%         3
 Fulminant Prism          Conj/Hex       8%         3d7       100%        4
 Dispersal                Tloc           8%         N/A       100%        6


Dungeon Overview and Level Annotations

Branches:
Dungeon (9/15)             Temple (1/1) D:5            Lair (0/6) D:9
    Orc: D:9-12

Altars:
Ashenzari
Cheibriados
Dithmenos
Elyvilon
Fedhas
Hepliaklqana
Makhleb
Nemelex Xobeh
Okawaru
Qazlal
Sif Muna
Trog
Uskayaw
Vehumet
Wu Jian
Xom
Yredelemnul
Zin
The Shining One

Shops:
D:9 (

Annotations:
D:5 3 runed translucent doors, parzival7114810's ghost, amateur HOFi
D:7 4 transporters, exclusion: 2 ice statues, porpoise's ghost, novice DsGl


Innate Abilities, Weirdness & Mutations

You have very sharp teeth.
Your uncanny sense of smell can sniff out nearby items.
Your experience applies equally to all skills.
You have large cloven feet.
You are strong-willed. (Will+)
You are robust. (+10% HP)


Message History

There is an open door here.
An efreet is nearby!
A steam dragon comes into view.
The steam dragon hisses angrily.
The steam dragon disappears!
The steam dragon moves out of view.
The efreet disappears!
Really walk onto that alarm trap?
You set off the alarm!
The alarm trap emits a blaring wail!
A sentinel's mark forms upon you.
You open the door.
There is an open door here.
You now have 643 gold pieces (gained 25).
There is an open door here.
There is an open door here.
A steam dragon is nearby!
A steam dragon is nearby!
A gnoll sergeant comes into view. It is wielding a +0 spear.
The efreet gestures at you. The bolt of fire hits you!
The steam dragon breathes steam at you. The ball of steam hits you!
The gnoll sergeant moves out of view.
The white ugly thing stings you. The white ugly thing freezes you!!
The efreet gestures at you.
The bolt of fire hits you but does no damage.
Okay, then.
As you read the scroll labelled COEXUDWUPH, it crumbles to dust.
It is a scroll of identify.
o - 8 scrolls of teleportation The white ugly thing stings you!
The white ugly thing freezes you!!
* * * LOW HITPOINT WARNING * * *
The efreet gestures at you. The bolt of fire misses you.
As you read the scroll of teleportation, it crumbles to dust.
You feel strangely unstable.
The white ugly thing is engulfed in a cloud of scalding steam.
The white ugly thing stings you.
* * * LOW HITPOINT WARNING * * *
The white ugly thing freezes you!!
You die...

######## # #......#####
############# #....)<).†..
##...........# #>.....####.
#.[.......§..####.......###.
#.####'####.................
#.#.^#.#^.#@D.............#.
#.##^#.#^##.u§...........##.
##.#.^#.#^.#...§.....####....
#..##^#.#^##......u..###.....
#..#.^#.#^.#....g...)....##..
#..####'####.R.......###.....
#.....#.#....................
#.###.###.###..........#.....
#.# #.....# #.#..............


You could see a white ugly thing, an efreet, a steam dragon (catching breath)
and a gnoll sergeant.

Vanquished Creatures
  Harold (D:8)
  A two-headed ogre (D:8)
  Joseph (D:8)
  Psyche (D:8)
  Maggie (D:6)
  A vampire (D:9)
  7 yaks
  2 steam dragons
  4 water moccasins
  2 ice beasts (D:7)
  An orc warrior (D:9)
  2 sky beasts
  3 black bears
  A hornet zombie (D:7)
  An ogre (D:6)
  2 centaurs (D:9)
  A phantom (D:7)
  5 bullfrogs
  2 gnoll sergeants
  4 scorpions
  A water moccasin zombie (D:5)
  A wyvern skeleton (D:7)
  A water moccasin skeleton (D:6)
  2 killer bees (D:7)
  3 howler monkeys
  A bullfrog zombie (D:6)
  A jelly (D:6)
  A centaur skeleton (D:5)
  2 hounds
  3 orc priests
  An iron imp (D:7)
  2 iguanas (D:6)
  Ijyb (D:5)
  5 orc wizards
  2 hound zombies (D:5)
  15 gnolls
  7 adders
  A white imp (D:6)
  2 ufetubi (D:5)
  An adder skeleton (D:4)
  2 dart slugs
  12 orcs
  9 ball pythons
  5 endoplasms
  3 giant cockroaches
  7 goblins
  5 hobgoblins
  5 jackals (D:2)
  12 kobolds
  7 quokkas
  6 bats
  6 frilled lizards
  4 rats
179 creatures vanquished.

Vanquished Creatures (others)
  A killer bee (D:7)
  34 foxfires (D:7)
  7 fungi (D:5)
  4 toadstools (D:1)
46 creatures vanquished.

Grand Total: 225 creatures vanquished

Notes
Turn   | Place    | Note
-------+----------+-------------------------------------------
     0 | D:1      | bearlyready the Gnoll Cinder Acolyte began the quest for
                  | the Orb.
     0 | D:1      | Reached XP level 1. HP: 23/23 MP: 4/4
   202 | D:1      | Reached XP level 2. HP: 24/29 MP: 5/5
   617 | D:2      | Reached XP level 3. HP: 32/35 MP: 7/7
   725 | D:2      | Identified the +5 war axe "Suuto" {spect, SInv}
   971 | D:2      | Reached skill level 1 in Invocations
  1149 | D:2      | Reached skill level 1 in Short Blades
  1149 | D:2      | Reached skill level 1 in Long Blades
  1149 | D:2      | Reached skill level 1 in Axes
  1149 | D:2      | Reached skill level 1 in Polearms
  1149 | D:2      | Reached skill level 1 in Staves
  1149 | D:2      | Reached skill level 1 in Slings
  1149 | D:2      | Reached skill level 1 in Bows
  1149 | D:2      | Reached skill level 1 in Crossbows
  1149 | D:2      | Reached skill level 1 in Throwing
  1149 | D:2      | Reached skill level 1 in Armour
  1149 | D:2      | Reached skill level 1 in Dodging
  1149 | D:2      | Reached skill level 1 in Stealth
  1149 | D:2      | Reached skill level 1 in Shields
  1149 | D:2      | Reached skill level 1 in Unarmed Combat
  1149 | D:2      | Reached skill level 1 in Evocations
  1218 | D:2      | Reached XP level 4. HP: 41/41 MP: 8/8
  1489 | D:3      | Learned a level 2 spell: Scorch
  1617 | D:3      | Reached skill level 1 in Conjurations
  1617 | D:3      | Reached skill level 1 in Hexes
  1617 | D:3      | Reached skill level 1 in Summonings
  1617 | D:3      | Reached skill level 1 in Necromancy
  1617 | D:3      | Reached skill level 1 in Translocations
  1617 | D:3      | Reached skill level 1 in Transmutations
  1617 | D:3      | Reached skill level 1 in Ice Magic
  1617 | D:3      | Reached skill level 1 in Air Magic
  1617 | D:3      | Reached skill level 1 in Earth Magic
  1617 | D:3      | Reached skill level 1 in Poison Magic
  1701 | D:3      | Found a bloodstained altar of Trog.
  1800 | D:3      | Reached XP level 5. HP: 47/47 MP: 0/9
  1894 | D:3      | Found a sparkling altar of Nemelex Xobeh.
  2624 | D:4      | Identified the +10 chain mail of Death's Door {Regen+}
  2738 | D:4      | Found a burning altar of Makhleb.
  3216 | D:5      | Entered Level 5 of the Dungeon
  3256 | D:5      | Reached XP level 6. HP: 51/53 MP: 9/11
  3363 | D:5      | Noticed Ijyb
  3382 | D:5      | Killed Ijyb
  3424 | D:5      | Reached XP level 7. HP: 57/59 MP: 12/12
  3445 | D:5      | Found a staircase to the Ecumenical Temple.
  3538 | Temple   | Entered the Ecumenical Temple
  4217 | D:5      | Found a runed translucent gate.
  4217 | D:5      | Found a runed translucent gate.
  4217 | D:5      | Found a runed translucent gate.
  4218 | D:5      | Noticed parzival7114810's ghost (amateur HOFi)
  4588 | D:6      | Reached XP level 8. HP: 67/67 MP: 14/14
  4875 | D:6      | Noticed Maggie
  4886 | D:6      | Killed Maggie
  5372 | D:7      | Found a snail-covered altar of Cheibriados.
  5396 | D:7      | Reached XP level 9. HP: 70/72 MP: 16/16
  5408 | D:7      | Found a transporter.
  5429 | D:7      | Found a transporter.
  5511 | D:7      | Found a transporter.
  5589 | D:7      | Reached skill level 5 in Spellcasting
  5920 | D:7      | Found a transporter.
  5934 | D:7      | Noticed a deep elf pyromancer
  5939 | D:7      | Noticed an ice statue
  5957 | D:7      | Noticed an ice statue
  5977 | D:7      | Noticed porpoise's ghost (novice DsGl)
  6245 | D:8      | Noticed Harold
  6260 | D:8      | Killed Harold
  6261 | D:8      | Reached skill level 5 in Invocations
  6261 | D:8      | Reached XP level 10. HP: 80/80 MP: 18/18
  6327 | D:8      | Found an iron altar of Okawaru.
  6342 | D:8      | Noticed Psyche
  6356 | D:8      | Gained mutation: You have large cloven feet. [potion of
                  | mutation]
  6356 | D:8      | Gained mutation: You are robust. (+10% HP) [potion of
                  | mutation]
  6356 | D:8      | Gained mutation: You are strong-willed. (Will+) [potion of
                  | mutation]
  6359 | D:8      | Killed Psyche
  6360 | D:8      | Reached skill level 5 in Short Blades
  6360 | D:8      | Reached skill level 5 in Long Blades
  6360 | D:8      | Reached skill level 5 in Axes
  6360 | D:8      | Reached skill level 5 in Polearms
  6360 | D:8      | Reached skill level 5 in Staves
  6360 | D:8      | Reached skill level 5 in Slings
  6360 | D:8      | Reached skill level 5 in Bows
  6360 | D:8      | Reached skill level 5 in Crossbows
  6360 | D:8      | Reached skill level 5 in Throwing
  6360 | D:8      | Reached skill level 5 in Armour
  6360 | D:8      | Reached skill level 5 in Dodging
  6360 | D:8      | Reached skill level 5 in Stealth
  6360 | D:8      | Reached skill level 5 in Shields
  6360 | D:8      | Reached skill level 5 in Unarmed Combat
  6360 | D:8      | Reached skill level 5 in Evocations
  6560 | D:8      | Found an ornate altar of the Wu Jian Council.
  6561 | D:8      | Found a white marble altar of Elyvilon.
  6563 | D:8      | Found a hide-covered altar of Uskayaw.
  6577 | D:8      | Found a hazy altar of Hepliaklqana.
  6817 | D:8      | Noticed Joseph
  6838 | D:8      | Killed Joseph
  7099 | D:8      | Fell from the grace of Ignis
  7099 | D:8      | Became a worshipper of Hepliaklqana the Forgotten
  7126 | D:9      | Noticed a two-headed ogre
  7161 | D:8      | Killed a two-headed ogre
  7307 | D:9      | Reached XP level 11. HP: 85/95 MP: 20/20
  7427 | D:9      | Found Kattin's Antique Weapon Shoppe.
  7556 | D:9      | Found a staircase to the Lair.
  7597 | D:9      | Noticed a green ugly thing
  7597 | D:9      | Noticed a white ugly thing
  7622 | D:9      | Mangled by a white ugly thing

Illustrated notes

Levels and vault maps discovered:
D:1:      ldierk_water_garden, layout_basic
D:2:      layout_basic, hex_medium
D:3:      layout_basic, mainiacjoe_overflow_24_doors,
          nemelex_spade_bored_becter, minmay_ruptured
D:4:      layout_basic, makhleb_heckhound_becter
D:5:      layout_loops_ring, minmay_temple_entry_overgrown,
          ebering_ghost_rock_garden, serial_aquarium, aquarium_bridge_square
          [aquarium_subvault_bridge, aquarium_subvault_window,
          aquarium_subvault_wall, aquarium_subvault_bridge],
          aquarium_window_fake, aquarium_window_fake, aquarium_view_2d,
          aquarium_view_2c, aquarium_balcony_5a, uniq_ijyb
D:6:      layout_loops_ring, sigmund_army, uniq_maggie
D:7:      gammafunk_steamed_eel, layout_basic, slow_altar_1, nzn_ghost_randoct,
          kennysheep_small_square
D:8:      layout_basic, overflow_temple_1_default, minitemple, uniq_joseph,
          uniq_psyche, uniq_harold
D:9:      layout_rooms, lair_entry_dummy, serial_shops, shop_statue,
          grunt_tough_drop
Temple:   cyrus_temple_forest

Skill      XL: |  1  2  3  4  5  6  7  8  9 10 |
---------------+-------------------------------+-----
Invocations    | 1 2 3 4 5 6 |  6.5
Short Blades   | 1 2 3 4 5 |  5.9
Long Blades    | 1 2 3 4 5 |  5.9
Axes           | 1 2 3 4 5 |  5.9
Polearms       | 1 2 3 4 5 |  5.9
Staves         | 1 2 3 4 5 |  5.9
Slings         | 1 2 3 4 5 |  5.9
Bows           | 1 2 3 4 5 |  5.9
Crossbows      | 1 2 3 4 5 |  5.9
Throwing       | 1 2 3 4 5 |  5.9
Armour         | 1 2 3 4 5 |  5.9
Dodging        | 1 2 3 4 5 |  5.9
Stealth        | 1 2 3 4 5 |  5.9
Shields        | 1 2 3 4 5 |  5.9
Unarmed Combat | 1 2 3 4 5 |  5.9
Evocations     | 1 2 3 4 5 |  5.9
Spellcasting   | 3 4 5 6 |  6.6
Conjurations   | 1 2 3 4 |  4.9
Hexes          | 1 2 3 4 |  4.9
Summonings     | 1 2 3 4 |  4.9
Necromancy     | 1 2 3 4 |  4.9
Translocations | 1 2 3 4 |  4.9
Transmutations | 1 2 3 4 |  4.9
Ice Magic      | 1 2 3 4 |  4.9
Air Magic      | 1 2 3 4 |  4.9
Earth Magic    | 1 2 3 4 |  4.9
Poison Magic   | 1 2 3 4 |  4.9
Fighting       | 7 8 |  8.9
Maces & Flails | 7 8 |  8.9
Fire Magic     | 6 7 |  7.4

Action                   |  1- 3 |  4- 6 |  7- 9 | 10-12 || total
-------------------------+-------+-------+-------+-------++-------
Melee: Mace              |   139 |   220 |   449 |    10 ||   818
       Bite              |     8 |    24 |    62 |    23 ||   117
       Punch             |     1 |     2 |     3 |       ||     6
       War axe           |     1 |       |       |       ||     1
       Hand axe          |       |       |       |   185 ||   185
       Kick              |       |       |       |    53 ||    53
 Fire: Hunting sling     |       |       |     5 |       ||     5
 Cast: Scorch            |       |     4 |     1 |       ||     5
Invok: Foxfire Swarm     |       |       |     2 |       ||     2
       Fiery Armour      |       |       |       |     1 ||     1
Evoke: Wand              |       |       |     4 |     4 ||     8
  Use: Potion            |       |       |       |     1 ||     1
       Scroll            |       |       |       |     2 ||     2
 Stab: Paralysed         |       |       |    15 |     4 ||    19
Armor: Robe              |    10 |       |       |       ||    10
       Ring mail         |    81 |    69 |       |       ||   150
       Chain mail        |       |   130 |   422 |   159 ||   711
Dodge: Dodged            |    97 |   108 |   125 |    43 ||   373
Block: Kite shield       |       |       |   204 |    95 ||   299

Table legend: (Time is in decaauts)
 A = Elapsed time spent in this place.
 B = Non-inter-level travel time spent in this place.
 C = Inter-level travel time spent in this place.
 D = Time resting spent in this place.
 E = Time spent auto-exploring this place.
 F = Levels seen in this place.
 G = Mean time per level.
                   A        B        C        D        E       F      G
               +--------+--------+--------+--------+--------+-----+--------+
         Total |   7759 |   7211 |    548 |     30 |   5081 |  10 |  775.9 |
       Dungeon |   7675 |   7167 |    508 |     30 |   5044 |   9 |  852.8 |
        Temple |     83 |     44 |     39 |      0 |     37 |   1 |   83.0 |
               +--------+--------+--------+--------+--------+-----+--------+

Top non-repeatable levels by time:
     D:5: 1139 daAuts
     D:4: 973 daAuts
     D:8: 955 daAuts
     D:7: 949 daAuts
     D:6: 891 daAuts
     D:2: 875 daAuts
     D:3: 832 daAuts
     D:1: 596 daAuts
     D:9: 462 daAuts
  Temple: 83 daAuts
